 Dungeon Crawl Stone Soup version 0.31.0-32-g396128a36d (webtiles) character file.

Game seed: 7014124939549009207

161450 mainiacjoe the Impassioned (level 17, -6/134 (156) HPs)
             Began as a Minotaur Artificer on Mar 31, 2024.
             Was the Champion of Uskayaw.
             Mangled by an emperor scorpion simulacrum (21 damage)
             ... on level 4 of the Spider Nest.
             The game lasted 01:29:57 (35701 turns).

mainiacjoe the Impassioned (Minotaur Artificer)    Turns: 35701, Time: 01:29:58

HP:   -6/134 (156)  AC: 46    Str: 19    XL:     17   Next: 20%
MP:   29/29         EV:  9    Int:  8    God:    Uskayaw [******]
Gold: 723           SH:  0    Dex: 17    Spells: 16/16 levels left

rFire   + + +        w - +8 battleaxe (protect)
rCold   . . .        (shield currently unavailable)
rNeg    . . .        L - +10 plate armour "Teumn" {Will+++}
rPois   +            k - +1 hat "Zoulyn" {Rampage rF+++ rC- Will-}
rElec   .            V - scarf {rC+ rF+}
rCorr   .            X - +2 pair of gloves
SInv    .            h - +2 pair of boots
Will    +++..        E - amulet of faith Stlth
                     r - ring of poison resistance
HPRegen 0.42/turn    x - +4 ring of protection
MPRegen 0.21/turn

%: rampage, faith
@: under a protective aura, studying Armour, heavily drained
A: horns 2, retaliatory headbutt
a: Renounce Religion, Stomp, Line Pass, Grand Finale


You were on level 4 of the Spider Nest.
You worshipped Uskayaw.
Uskayaw was most pleased with you.
You visited 5 branches of the dungeon, and saw 27 of its levels.
You also visited: Ice Cave.

You collected 2572 gold pieces.
You spent 1849 gold pieces at shops.

Inventory:

Hand Weapons
 a - a +2 heavy dire flail
 b - a +0 orcbow of draining
 c - a +2 great mace of chaos
 w - a +8 battleaxe of protection (weapon)
Missiles
 g - 5 javelins
 l - 3 curare-tipped darts {=F}
 s - 25 boomerangs
 u - 51 poisoned darts
 J - 13 silver javelins
 T - 3 throwing nets {=F}
 W - 5 atropa-tipped darts {=F}
Armour
 h - a +2 pair of boots (worn)
 k - the +1 hat "Zoulyn" (worn) {Rampage rF+++ rC- Will-}
   (You acquired it on level 14 of the Dungeon)

   rF+++:     It renders you almost immune to fire.
   rC-:       It makes you vulnerable to cold.
   Will-:     It decreases your willpower.
   Rampage:   It bestows one free step when moving towards enemies.
 L - the +10 plate armour "Teumn" (worn) {Will+++}
   (You bought it in a shop on level 8 of the Dungeon)

   Will+++:   It greatly increases your willpower.
 V - a scarf of resistance (worn)
 X - a +2 pair of gloves (worn)
Jewellery
 i - a ring of flight
 m - a +4 ring of slaying
 p - a ring of resist corrosion
 r - a ring of poison resistance (left hand)
 x - a +4 ring of protection (right hand)
 E - an amulet of faith (around neck)
Wands
 d - a wand of charming (22)
 e - a wand of iceblast (4)
 t - a wand of quicksilver (20)
 v - a wand of polymorph (6)
 A - a wand of roots (15)
 K - a wand of flame (65)
 U - a wand of mindburst (12)
Scrolls
 n - 2 scrolls of butterflies
 q - 4 scrolls of revelation
 y - 4 scrolls of poison
 F - 5 scrolls of immolation
 M - 4 scrolls of teleportation
 O - 2 scrolls of silence
 P - 2 scrolls of fear
 Q - 5 scrolls of identify
 R - a scroll of torment
 Y - 2 scrolls of blinking
 Z - 3 scrolls of fog
Potions
 f - 3 potions of ambrosia
 j - 3 potions of attraction
 o - 4 potions of heal wounds
 z - 16 potions of curing
 B - 4 potions of berserk rage
 C - 5 potions of haste
 D - 3 potions of might
 G - 3 potions of enlightenment
 H - 3 potions of lignification
 I - 2 potions of magic
 N - 3 potions of mutation


   Skills:
 + Level 15.1 Fighting
 + Level 15.6 Maces & Flails
 - Level 10.0 Ranged Weapons
 + Level 15.2 Armour
 - Level 4.8 Dodging
 - Level 1.3 Stealth
 * Level 18.9 Invocations
 - Level 10.0 Evocations


You had 16 spell levels left.
You didn't know any spells.
Your spell library contained the following spells:

 Spells                   Type           Power      Damage    Failure   Level
 Apportation              Tloc           0%         N/A       99%         1
 Kiss of Death            Conj/Necr      0%         2d5       99%         1
 Summon Small Mammal      Summ           0%         N/A       99%         1
 Call Imp                 Summ           0%         N/A       100%        2
 Cigotuvi's Dreadful Rot  Necr/Alch/Air  0%         N/A       100%        2
 Jinxbite                 Hex            0%         N/A       100%        2
 Scorch                   Fire           0%         2d5       100%        2
 Static Discharge         Conj/Air       0%         3-3/arc   100%        2
 Sublimation of Blood     Necr           0%         N/A       100%        2
 Call Canine Familiar     Summ           0%         N/A       100%        3
 Confusing Touch          Hex            0%         N/A       100%        3
 Frozen Ramparts          Ice            0%         1d1       100%        3
 Hailstorm                Conj/Ice       0%         3d5       100%        3
 Ozocubu's Armour         Ice            0%         N/A       100%        3
 Summon Ice Beast         Ice/Summ       0%         N/A       100%        3
 Airstrike                Air            0%         2d(0-16)  100%        4
 Dispel Undead            Necr           0%         3d6       100%        4
 Leda's Liquefaction      Alch/Erth      0%         N/A       100%        4
 Olgreb's Toxic Radiance  Alch           0%         N/A       100%        4
 Petrify                  Alch/Erth      0%         N/A       100%        4
 Summon Blazeheart Golem  Fire/Summ      0%         N/A       100%        4
 Summon Lightning Spire   Summ/Air       0%         N/A       100%        4
 Vhi's Electric Charge    Tloc/Air       0%         N/A       100%        4
 Alistair's Intoxication  Alch           0%         N/A       100%        5
 Arcjolt                  Conj/Air       0%         1d10      100%        5
 Metabolic Englaciation   Hex/Ice        0%         N/A       100%        5
 Sculpt Simulacrum        Ice/Alch       0%         N/A       100%        6
 Summon Hydra             Summ           0%         N/A       100%        7
 Maxwell's Capacitive Co  Air            0%         ∞         100%        8


Dungeon Overview and Level Annotations

Branches:
Dungeon (15/15)            Temple (1/1) D:4            Lair (5/5) D:8
 Shoals (0/4) Lair:2       Spider (4/4) Lair:3        Slime (0/5) Lair:5
    Orc (2/2) D:10            Elf (0/3) Orc:2        Vaults (0/5) D:14
 Depths (0/4) D:15          IceCv (visited)

Altars:
Ashenzari
Cheibriados
Dithmenos
Elyvilon
Fedhas
Gozag
Hepliaklqana
Kikubaaqudgha
Makhleb
Nemelex Xobeh
Okawaru
Qazlal
Ru
Sif Muna
Trog
Uskayaw
Vehumet
Wu Jian
Xom
Yredelemnul
Zin
The Shining One

Shops:
D:5 (   D:6 !=(   D:8 [   D:10 (   D:12 [   D:13 =   Orc:2 :[[:

Annotations:
D:10 exclusion: downstairs


Innate Abilities, Weirdness & Mutations

You have a pair of horns on your head.
You reflexively headbutt those who attack you in melee.


Message History

The redback bites you but does no damage.
The pharaoh ant bites you!!
* * * LOW HITPOINT WARNING * * *
You feel drained.
* * * LOW HITPOINT WARNING * * *
You barely miss the emperor scorpion.
You headbutt the emperor scorpion, but do no damage.
The emperor scorpion is severely wounded.
You slice the redback!!
You kill the redback!
You hit the pharaoh ant.
You destroy the pharaoh ant!
The pharaoh ant binds the souls of nearby monsters.
The emperor scorpion stings you but does no damage.
The emperor scorpion claws you but does no damage.
The emperor scorpion closely misses you.
The emperor scorpion stings you but does no damage.
The emperor scorpion claws you but does no damage. x2
Uskayaw prepares the audience for your solo!
The helpless emperor scorpion fails to defend itself.
You slice the emperor scorpion!!
You headbutt the emperor scorpion, but do no damage.
The emperor scorpion is almost dead.
The helpless emperor scorpion fails to defend itself.
You slice the emperor scorpion!!
You kill the emperor scorpion!
A freezing mist starts to gather...
An emperor scorpion simulacrum comes into view.
You slash the emperor scorpion simulacrum!
The emperor scorpion simulacrum is moderately damaged.
You slash the redback!
You kill the redback!
A freezing mist starts to gather...
A redback simulacrum comes into view.
The orb spider is no longer paralysed.
The orb spider pulsates with a strange energy.
The emperor scorpion simulacrum hits you.
* * * LOW HITPOINT WARNING * * *
The emperor scorpion simulacrum freezes you!!
You die... ##................##### #..............^..# ##............###### #...........### ##^......^.^# ##........## ##...s....## ##.......Z## ###........@.# ss#

##..........### .≈##
#.........#Z~## ..≈≈##
##........##..# ...≈≈≈
##....^....≈..####s....
####..........~...#...~#
##^^....÷.....[....s...^#
#^.............#......###
#.........##.....†.†.##


You could see an orb spider (soul bound, charged), a redback simulacrum and an
emperor scorpion simulacrum.

Vanquished Creatures
  Arachne (Spider:3)
  Jorgrun (D:12)
  A sphinx (D:15)
  Kirke (D:12)
  3 emperor scorpions
  A ghost moth (Spider:3)
  An orc warlord (Orc:1)
  5 broodmothers
  A spark wasp (Spider:3)
  A dire elephant (Lair:2)
  A minotaur (D:12)
  An entropy weaver (Spider:2)
  Josephine (D:14)
  2 fire dragons (D:11)
  A rakshasa (D:15)
  The ghost of monsoonserge the Slicer, a journeyman DsRe of Kikubaaqudgha (D:12)
  7 hydras
  3 jorogumos
  2 catoblepae (Lair:2)
  A death knight (D:15)
  4 centaur warriors
  10 boulder beetles
  2 tengu warriors
  7 two-headed ogres
  A deep troll earth mage (D:15)
  10 demonic crawlers
  6 orc high priests (Orc:2)
  3 death yaks (Lair:5)
  A skyshark (Lair:5)
  10 pharaoh ants
  3 skeletal warriors (D:13)
  Lodul (D:12)
  A deep troll (D:14)
  12 orb spiders
  An arcanist (D:13)
  A phantasmal warrior (D:15)
  6 steelbarb worms
  A sun moth (Spider:2)
  A lindwurm (Lair:2)
  7 orc knights
  20 wolf spiders
  3 deep elf pyromancers
  3 orc sorcerers
  12 ugly things (D:14)
  5 cyclopes
  4 manticores
  2 meliai
  Maurice (D:7)
  5 black mambas
  2 moths of wrath
  9 elephants
  A meliai (shapeshifter) (D:13)
  A black mamba (shapeshifter) (D:14)
  Joseph (D:7)
  A kobold blastminer (Orc:1)
  4 gargoyles
  16 cane toads
  4 torpor snails
  An ice statue (Spider:3)
  5 rime drakes
  3 freezing wraiths
  13 komodo dragons
  A kobold demonologist (D:13)
  An ice devil (IceCv)
  3 efreet
  2 tengu conjurers (D:14)
  6 polar bears
  9 trolls
  A tarantella (shapeshifter) (D:15)
  A queen bee (shapeshifter) (D:13)
  A queen bee (D:11)
  A polar bear (shapeshifter) (D:15)
  2 merfolk (Lair:2)
  5 blink frogs
  5 hornets
  A dream sheep (Lair:5)
  25 tarantellas
  6 wraiths
  12 spriggans (Lair:5)
  15 jumping spiders
  3 shadows
  5 slime creatures (D:14)
  A vampire (D:11)
  15 culicivoras
  A spriggan (shapeshifter) (D:14)
  16 yaks
  7 basilisks
  6 wargs
  7 wyverns
  3 hogs (D:12)
  A steam dragon (D:6)
  A harpy simulacrum (IceCv)
  44 redbacks
  2 vampire mosquitoes
  A minotaur simulacrum (IceCv)
  Edmund (D:4)
  2 acid dragons
  13 water moccasins
  6 black bears
  29 orc warriors
  3 ice beasts
  2 sky beasts (D:8)
  A black bear (shapeshifter) (D:15)
  29 wolves
  2 laughing skulls (D:14)
  11 ogres
  4 boggarts (Lair:5)
  A phantom (D:4)
  An ogre (shapeshifter) (D:13)
  5 centaurs
  5 kobold brigands
  7 scorpions
  18 bullfrogs
  2 gnoll sergeants
  A deep troll simulacrum (IceCv)
  15 wights
  34 killer bees
  2 howler monkeys
  A lava snake (D:14)
  2 bombardier beetles
  2 hounds
  18 orc priests
  A sleepcap (D:5)
  2 iguanas (D:7)
  23 orc wizards
  Robin (D:2)
  10 gnolls
  8 adders
  A shadow imp (D:6)
  2 white imps
  2 ufetubi (D:6)
  3 dart slugs (D:1)
  117 orcs
  7 endoplasms
  A giant cockroach (D:3)
  23 goblins
  9 hobgoblins
  2 jackals (D:3)
  5 quokkas
  4 ball pythons
  14 bats
  13 frilled lizards
  30 kobolds
  4 rats
949 creatures vanquished.

Vanquished Creatures (collateral kills)
  A phantom (D:4)
  An orc (D:4)
2 creatures vanquished.

Vanquished Creatures (others)
  A killer bee (D:11)
1 creature vanquished.

Grand Total: 952 creatures vanquished

Notes
Turn   | Place    | Note
-------+----------+-------------------------------------------
     0 | D:1      | mainiacjoe the Minotaur Artificer began the quest for the
                  | Orb.
     0 | D:1      | Reached XP level 1. HP: 16/16 MP: 0/0
   335 | D:1      | Reached skill level 1 in Stealth
   364 | D:1      | Reached XP level 2. HP: 23/23 MP: 1/1
   617 | D:1      | Reached XP level 3. HP: 27/29 MP: 2/2
  1075 | D:2      | Reached skill level 1 in Ranged Weapons
  1132 | D:2      | You are sucked into a shaft and drop 1 floor!
  1242 | D:2      | Found a faded altar of an unknown god.
  1328 | D:2      | Noticed Robin
  1347 | D:2      | Killed Robin
  1348 | D:2      | Reached XP level 4. HP: 36/36 MP: 3/3
  1580 | D:2      | Found a hide-covered altar of Uskayaw.
  1766 | D:2      | Became a worshipper of Uskayaw the Reveller
  1863 | D:3      | Reached * piety under Uskayaw
  1950 | D:3      | Reached ** piety under Uskayaw
  2023 | D:3      | Reached skill level 1 in Invocations
  2023 | D:3      | Reached XP level 5. HP: 27/41 MP: 4/4
  2094 | D:3      | Noticed a black bear
  2131 | D:3      | Killed a black bear
  2132 | D:3      | Reached skill level 2 in Invocations
  2132 | D:3      | Reached XP level 6. HP: 31/48 MP: 6/6
  2133 | D:3      | Reached *** piety under Uskayaw
  2272 | D:3      | Reached skill level 5 in Ranged Weapons
  2410 | D:4      | Found a staircase to the Ecumenical Temple.
  2416 | Temple   | Entered the Ecumenical Temple
  2447 | D:4      | Found a snail-covered altar of Cheibriados.
  2469 | D:4      | Noticed Edmund
  2647 | D:4      | Killed Edmund
  2648 | D:4      | Reached skill level 3 in Invocations
  2648 | D:4      | Reached XP level 7. HP: 44/53 MP: 8/8
  2651 | D:4      | Reached **** piety under Uskayaw
  2901 | D:5      | Entered Level 5 of the Dungeon
  3007 | D:5      | Reached skill level 4 in Invocations
  3165 | D:5      | Found Zext's Weapon Emporium.
  3199 | D:5      | Reached XP level 8. HP: 61/61 MP: 10/10
  3340 | D:5      | Found a stormy altar of Qazlal.
  3340 | D:5      | Found an opulent altar of Gozag.
  3627 | D:5      | Reached skill level 5 in Invocations
  4151 | D:6      | Found a sparkling altar of Nemelex Xobeh.
  4177 | D:6      | Reached skill level 6 in Invocations
  4185 | D:6      | Found Utaeraisk's Distillery.
  4185 | D:6      | Found Keam's Jewellery Shoppe.
  4190 | D:6      | Found Nevirch's Weapon Shoppe.
  4314 | D:6      | Bought a potion of enlightenment for 70 gold pieces
  4314 | D:6      | Bought a potion of heal wounds for 70 gold pieces
  4314 | D:6      | Bought a potion of lignification for 42 gold pieces
  4314 | D:6      | Bought a potion of heal wounds for 70 gold pieces
  4814 | D:7      | Reached XP level 9. HP: 73/73 MP: 12/12
  4884 | D:7      | Reached skill level 5 in Fighting
  4896 | D:7      | Reached ***** piety under Uskayaw
  5151 | D:7      | Reached skill level 1 in Maces & Flails
  5169 | D:7      | Noticed Maurice
  5229 | D:7      | Found an iron altar of Okawaru.
  5231 | D:7      | Found a shadowy altar of Dithmenos.
  5234 | D:7      | Found a broken altar of Ashenzari.
  5289 | D:7      | Reached skill level 7 in Invocations
  5349 | D:7      | Noticed Joseph
  5360 | D:7      | Killed Joseph
  5404 | D:7      | Found a glowing silver altar of Zin.
  5511 | D:8      | Found Feledghy's Armour Shoppe.
  5613 | D:8      | Found a staircase to the Lair.
  5671 | D:8      | Reached skill level 8 in Invocations
  5687 | D:8      | Reached skill level 5 in Maces & Flails
  5760 | D:8      | Reached XP level 10. HP: 77/81 MP: 15/15
  5771 | D:8      | Noticed a two-headed ogre
  5780 | D:8      | Killed a two-headed ogre
  5812 | D:8      | Found a shimmering altar of Xom.
  5812 | D:8      | Found a shimmering altar of Xom.
  5812 | D:8      | Found a shimmering altar of Xom.
  5903 | D:8      | Found a hazy altar of Hepliaklqana.
  6267 | D:9      | Reached skill level 10 in Ranged Weapons
  6535 | D:9      | Found a burning altar of Makhleb.
  6663 | D:9      | Reached skill level 9 in Invocations
  6737 | D:9      | Found a white marble altar of Elyvilon.
  6920 | D:10     | Entered Level 10 of the Dungeon
  6974 | D:10     | Noticed a two-headed ogre
  6983 | D:10     | Killed a two-headed ogre
  7220 | D:6      | Bought a ring of willpower for 325 gold pieces
  7300 | D:8      | Found a shimmering altar of Xom.
  7300 | D:8      | Found a shimmering altar of Xom.
  7439 | D:10     | Reached ****** piety under Uskayaw
  7480 | D:10     | Found a staircase to the Orcish Mines.
  7482 | D:10     | Found Fakkofei's Weapon Boutique.
  7824 | D:10     | Reached skill level 10 in Invocations
  8108 | D:10     | Found a sacrificial altar of Ru.
  8272 | Lair:1   | Entered Level 1 of the Lair of Beasts
  8330 | Lair:1   | Reached XP level 11. HP: 88/88 MP: 17/17
  8606 | Lair:1   | Noticed a boulder beetle
  8619 | Lair:1   | Killed a boulder beetle
  9316 | Lair:1   | Reached skill level 10 in Maces & Flails
  9654 | Lair:2   | Noticed a catoblepas
  9670 | Lair:2   | Killed a catoblepas
  9671 | Lair:2   | Reached skill level 11 in Invocations
 10108 | Lair:2   | Noticed a seven-headed hydra
 10117 | Lair:2   | Killed a seven-headed hydra
 10229 | Lair:2   | Noticed a catoblepas
 10432 | Lair:2   | Reached skill level 12 in Invocations
 10676 | Lair:2   | Killed a catoblepas
 10779 | Lair:2   | Found a staircase to the Shoals.
 10787 | Lair:2   | Reached XP level 12. HP: 86/94 MP: 20/20
 11027 | Lair:2   | Noticed a dire elephant
 11049 | Lair:2   | Found a runed translucent door.
 11518 | Lair:3   | Identified the +6 scale mail of Ru, Burning {Dex+2}
 11527 | Lair:3   | Noticed a boulder beetle
 11561 | Lair:3   | Killed a boulder beetle
 11729 | Lair:3   | Reached skill level 13 in Invocations
 11743 | Lair:3   | Found a hole to the Spider Nest.
 12376 | Lair:4   | Noticed a boulder beetle
 12395 | Lair:4   | Killed a boulder beetle
 12976 | Lair:4   | Noticed an eight-headed hydra
 12984 | Lair:4   | Killed an eight-headed hydra
 13082 | Lair:4   | Reached skill level 14 in Invocations
 13522 | Lair:5   | Entered Level 5 of the Lair of Beasts
 13738 | Lair:5   | Noticed a death yak
 13758 | Lair:5   | Noticed a death yak
 13758 | Lair:5   | Noticed a death yak
 13761 | Lair:5   | Killed a death yak
 13774 | Lair:5   | Killed a death yak
 13776 | Lair:5   | Reached XP level 13. HP: 58/103 MP: 22/22
 13938 | Lair:5   | Reached skill level 5 in Armour
 14123 | Lair:5   | Found a broken altar of Ashenzari.
 14327 | Lair:5   | Found a staircase to the Slime Pits.
 14931 | Lair:5   | Reached skill level 15 in Invocations
 16484 | D:7      | Killed Maurice
 16761 | Orc:1    | Entered Level 1 of the Orcish Mines
 16790 | Orc:1    | You fall into a shaft and drop 1 floor!
 16790 | Orc:2    | Entered Level 2 of the Orcish Mines
 16812 | Orc:2    | Reached skill level 10 in Fighting
 16889 | Orc:2    | Paralysed by an orc sorcerer for 5 turns
 16898 | Orc:2    | Found a staircase to the Elven Halls.
 17168 | Orc:1    | Noticed an orc warlord
 17170 | Orc:1    | Reached XP level 14. HP: 82/121 MP: 24/24
 17170 | Orc:1    | Killed an orc warlord
 17899 | D:8      | Bought the +10 plate armour "Teumn" {Will+++} for 1056 gold
                  | pieces
 18727 | Orc:1    | HP: 6/122 [orc knight/+0 great mace (22)]
 19406 | Orc:2    | Reached skill level 10 in Armour
 19406 | Orc:2    | Reached skill level 16 in Invocations
 19654 | Orc:2    | Found Uzebarre's Antique Armour Shop.
 19768 | Orc:2    | Found Eddeff's Book Shop.
 19836 | Orc:2    | Found Goej's Armour Boutique.
 19874 | Orc:2    | Found Luemp's Book Emporium.
 20017 | Orc:2    | Bought a glowing scarf for 216 gold pieces
 20103 | D:11     | Found an iron altar of Okawaru.
 21369 | D:12     | Found Uqubaf's Antique Armour Emporium.
 21533 | D:12     | Noticed Lodul
 21549 | D:12     | Killed Lodul
 21955 | D:12     | Noticed Jorgrun
 21971 | D:12     | Killed Jorgrun
 22110 | D:12     | Noticed monsoonserge's ghost (journeyman DsRe)
 22134 | D:12     | Found a runed translucent gate.
 22134 | D:12     | Found a runed translucent gate.
 22134 | D:12     | Found a runed translucent gate.
 22198 | D:12     | Got the Handbook of the Caustic Dragon
 22430 | D:12     | Killed monsoonserge's ghost
 22595 | D:12     | Noticed Kirke
 22607 | D:12     | Killed Kirke
 22897 | D:13     | Reached XP level 15. HP: 131/134 MP: 26/26
 22958 | D:13     | Found Keosmus's One-of-a-Kind Rings.
 23104 | D:13     | Noticed Nessos
 23109 | D:13     | Nessos changed into Nessos the wolf spider
 23109 | D:13     | Noticed Nessos
 23120 | D:13     | Killed Nessos the wolf spider
 23501 | D:13     | Reached skill level 17 in Invocations
 24239 | D:14     | Noticed Josephine
 24248 | D:14     | Killed Josephine
 24455 | D:14     | Found a gate to the Vaults.
 25034 | D:14     | Reached skill level 5 in Evocations
 25083 | D:14     | Identified a scroll of acquirement
 25083 | D:14     | Acquired the +1 hat "Zoulyn" {Rampage rF+++ rC- Will-}
 25543 | D:15     | Entered Level 15 of the Dungeon
 26192 | D:15     | Found a staircase to the Depths.
 26193 | D:15     | Noticed a sphinx
 26595 | D:15     | Killed a sphinx
 27181 | Lair:2   | Reached skill level 15 in Armour
 27580 | Spider:1 | Entered Level 1 of the Spider Nest
 27682 | Spider:1 | Reached XP level 16. HP: 114/147 MP: 27/27
 29883 | Spider:2 | Reached skill level 15 in Fighting
 29896 | Spider:2 | Reached skill level 18 in Invocations
 31483 | Spider:3 | Paralysed by a jorogumo for 2 turns
 31621 | Spider:3 | Found a glacial archway.
 31778 | IceCv    | Entered an ice cave
 33067 | Spider:3 | Reached skill level 15 in Maces & Flails
 33400 | Spider:3 | Noticed Arachne
 33421 | Spider:3 | Killed Arachne
 34243 | Spider:4 | Entered Level 4 of the Spider Nest
 34275 | Spider:4 | Reached XP level 17. HP: 64/156 MP: 24/29
 34955 | Spider:4 | Reached skill level 10 in Evocations
 35701 | Spider:4 | Mangled by an emperor scorpion simulacrum

Illustrated notes

Levels and vault maps discovered:
D:1:      reono_arrival_forest_river, layout_basic, eino_curves_03,
          minmay_misc_feat_hallway, minmay_lizard_pond
D:2:      kennysheep_big_flooded_room, layout_loops_ring,
          hellmonk_ecumenical_altar_heavens_door, basic_altar, uniq_robin
D:3:      layout_rooms
D:4:      layout_rooms, cheibriados_altar_1,
          minmay_temple_entry_statues_fountains, grunt_ministairs_14,
          uniq_edmund
D:5:      layout_basic, gammafunk_temple_overflow_wave, serial_shops,
          nicolae_shop_trees, minmay_holes, fountainhead
D:6:      layout_basic, mainiacjoe_overflow_six_doors_small,
          nicolae_shop_distant_corner_stores, roderic_batcave
D:7:      layout_gridville, mainiacjoe_overflow_boulevard, minitemple,
          uniq_joseph, uniq_maurice
D:8:      layout_basic, xom_shifter_show, nicolae_hepliaklqana_hazy_memory,
          due_lair_maze_entry_diamond, serial_shops, shop
D:9:      layout_loops_cross, elyvilon_altar_3, mainiacjoe_overflow_24_doors
D:10:     layout_long_grid, kennysheep_mini_moat, orc_david_3, special_room
          [special_room_orc]
D:11:     regret_index_tunnel_blossom, layout_basic, serial_glass,
          glass_columns_a, glass_columns_b, kennysheep_okawaru_gauntlet
D:12:     layout_grid_maze, serial_shops, nicolae_shop_overgrown_old_shop,
          maelrawn_ghost_gauntlet_escape, uniq_lodul, uniq_jorgrun, uniq_kirke
D:13:     minmay_the_grid_triangle_9x9_rhombus_thin
          [minmay_the_grid_triangle_9x9_semitri,
          minmay_the_grid_triangle_9x9_prize_top_heavy,
          minmay_the_grid_triangle_9x9_skeleton,
          minmay_the_grid_triangle_9x9_descending_squares], layout_basic,
          nicolae_shop_unique_rings, uniq_nessos
D:14:     layout_loops_cross, david_vaults_4, chequers_garden,
          minmay_crystal_room, kennysheep_cross_bottleneck,
          chequers_serial_rivers_small_3, uniq_josephine
D:15:     hellmonk_depths_entry_around_the_bend, layout_loops_corners
Temple:   kb_temple_of_zot
Lair:1:   layout_big_grid
Lair:2:   gammafunk_lair_enchanted_lake, layout_long_grid,
          elwin_shoals_entry_rooms, grunt_megastairs_4, lemuel_fruit_tree
Lair:3:   layout_cave_pods, hellmonk_spider_entry_not_the_bees
Lair:4:   layout_hall_layers
Lair:5:   minmay_lair_end_enchanted_forest, layout_cellular_growth,
          slime_entry_1, basic_altar
Spider:1: layout_spider_delve
Spider:2: layout_spider_delve
Spider:3: nicolae_spider_brood_tunnel, portal_ice_cave_entry_ice_statue_one,
          uniq_arachne
Spider:4: grunt_spider_rune_circles, drop_trap
Orc:1:    layout_caves, blackcustard_rock_pile
Orc:2:    st_orc_town, layout_caves, serial_shops, shop

Skill      XL: |  1  2  3  4  5  6  7  8  9 10 11 12 13 14 15 16 17 |
---------------+----------------------------------------------------+-----
Stealth        | 1 |  1.3
Evocations     | 3 6 9 10 | 10.0
Ranged Weapons | 2 3 4 6 7 8 9 10 | 10.0
Invocations    | 1 2 3 4 6 8 10 12 14 15 16 17 18 | 18.9
Fighting       | 4 5 6 10 12 14 15 | 15.1
Dodging        | 4 |  4.8
Maces & Flails | 5 9 12 14 15 | 15.6
Armour         | 4 9 12 15 | 15.2

Action                     |  1- 3 |  4- 6 |  7- 9 | 10-12 | 13-15 | 16-18 || total
---------------------------+-------+-------+-------+-------+-------+-------++-------
  Melee: Club              |    65 |       |       |       |       |       ||    65
         Headbutt          |     7 |       |    12 |    90 |   283 |   137 ||   529
         Dagger            |       |     8 |    50 |       |       |       ||    58
         Dire flail        |       |       |    12 |   326 |   909 |   187 ||  1434
         Battleaxe         |       |       |       |    25 |   191 |    96 ||   312
         Flail             |       |       |       |     7 |       |       ||     7
         Great mace        |       |       |       |       |       |   198 ||   198
   Fire: Sling             |    71 |   185 |   190 |       |       |       ||   446
         Orcbow            |       |       |   192 |   386 |   223 |    53 ||   854
  Throw: Boomerang         |       |       |       |    12 |       |       ||    12
         Throwing net      |       |       |       |     1 |       |       ||     1
 Invoke: Stomp             |       |       |       |     4 |       |       ||     4
         Line Pass         |       |       |       |     2 |     2 |     1 ||     5
         Grand Finale      |       |       |       |       |     4 |     1 ||     5
  Evoke: Wand              |       |     4 |       |       |     2 |     3 ||     9
    Use: Scroll            |     5 |     8 |     6 |     5 |    12 |     7 ||    43
         Potion            |       |       |       |       |     5 |     2 ||     7
   Stab: Paralysed         |       |       |     5 |    48 |   132 |    89 ||   274
         Sleeping          |       |       |     1 |       |       |       ||     1
         Held in net/web   |       |       |       |     1 |       |     1 ||     2
         Distracted        |       |       |       |       |     1 |       ||     1
 Armour: Leather armour    |    83 |    78 |   192 |    75 |       |       ||   428
         Chain mail        |       |    32 |       |       |       |       ||    32
         Ring mail         |       |       |       |   151 |       |       ||   151
         Scale mail        |       |       |       |    81 |   326 |       ||   407
         Plate armour      |       |       |       |       |   775 |  1052 ||  1827
  Dodge: Dodged            |    97 |    75 |   156 |   292 |   473 |   395 ||  1488
